AoeStats
← Miyamoto

Arena

509046576Analyzed
4v4 RM · 8d ago on Sep 25, 2026· 45m 11s· 8 players
Game mode
Random Map
Map size
Large (8 player)
Population
200
Speed
Normal
Resources
Standard
Victory
Conquest
Starting age
Dark Age
Ending age
Imperial Age
RankedLock teamsTeams togetherTeam positionsShared explorationLock speedFull tech treeHidden civsTurbo modeCheats
Victory
Defeat
🇨🇳 Saxons · China
1129
+15
🇨🇳 Danes · China
1045
+53
🇰🇷 Italians · South Korea
1037
+18
🇹🇼 Burgundians · Taiwan
950
+23
🇳🇱 Vikings · Netherlands
1142
-20
🇨🇳 Georgians · China
1123
-20
🇨🇳 Bohemians · China
1121
-20
🇨🇦 Khmer · Canada
976
-14
qw75985
10:26 Feudal Age
11:11 Double-Bit Axe
14:01 Castle Age
12:11 Horse Collar
15:14 Bow Saw
19:46 Wheelbarrow
22:19 Hand Cart
22:42 Stone Mining
27:38 Imperial Age
25:12 Gold Mining
25:23 Heavy Plow
25:10 Loom
25:11 Town Watch
26:54 Gold Shaft Mining
26:55 Stone Shaft Mining
26:22 Scale Mail Armor
27:29 Forging
27:59 Chain Mail Armor
27:46 Capped Ram
28:02 Elite Jomsviking
29:12 Conscription
29:23 Squires
29:10 Arson
30:05 Plate Mail Armor
29:25 Siege Ram
31:23 Siege Engineers
31:51 Masonry
31:39 Hamask
33:15 Iron Casting
32:56 Caravan
33:26 Coinage
33:24 Ballistics
32:55 Fletching
32:45 Elite Varangian Guard
33:11 Arson
33:11 Gambesons
34:06 Murder Holes
34:19 Northmen's Fury
36:11 Hoardings
35:24 Arrowslits
36:39 Chemistry
36:43 Blast Furnace
35:38 Bodkin Arrow
35:44 Padded Archer Armor
38:07 Bracer
37:54 Arrowslits
38:02 Guard Tower
40:35 Leather Archer Armor
40:26 Onager
41:44 Keep
44:46 Spies/Treason
46:12 Ring Archer Armor
45:47 Scale Barding Armor
45:06 Siege Onager
45:07 Heavy Scorpion
dandan
10:33 Feudal Age
14:15 Castle Age
12:43 Double-Bit Axe
18:05 Wheelbarrow
20:32 Horse Collar
22:13 Loom
22:59 Bow Saw
25:54 Gold Mining
27:24 Hand Cart
30:38 Imperial Age
28:11 Scale Mail Armor
28:22 Forging
28:21 Squires
28:08 Arson
28:10 Gambesons
28:48 Heavy Plow
29:31 Chain Mail Armor
30:03 Gold Shaft Mining
31:14 Iron Casting
32:00 Plate Mail Armor
30:54 Elite Varangian Guard
31:27 Town Watch
32:37 Shield Wall
34:44 Two-Man Saw
34:22 Conscription
38:43 Hoardings
DangerWashington
0:43 Loom
13:21 Feudal Age
13:14 Wheelbarrow
19:35 Castle Age
18:37 Horse Collar
18:47 Double-Bit Axe
18:58 Gold Mining
19:29 Hand Cart
20:26 Gold Shaft Mining
19:54 Heavy Plow
20:34 Cavalier
21:16 Husbandry
22:37 Forging
22:35 Scale Barding Armor
23:58 Crop Rotation
24:26 Iron Casting
24:49 Chain Barding Armor
24:44 Fletching
27:10 Fervor
27:02 Bodkin Arrow
28:11 Town Watch
38:04 Imperial Age
35:41 Scale Mail Armor
35:43 Padded Archer Armor
40:18 Blast Furnace
39:54 Plate Barding Armor
39:23 Bracer
38:47 Paladin
41:22 Chemistry
40:43 Ballistics
40:04 Treadmill Crane
Alpenhime
10:18 Feudal Age
14:42 Castle Age
13:23 Horse Collar
15:07 Double-Bit Axe
18:23 Stone Mining
19:39 Heavy Plow
20:26 Bow Saw
22:39 Fletching
22:44 Gold Mining
24:44 Thumb Ring
24:45 Padded Archer Armor
24:33 Loom
25:52 Pikeman
26:35 Bodkin Arrow
27:26 Leather Archer Armor
28:44 Wheelbarrow
27:54 Town Watch
29:13 Scale Mail Armor
30:31 Ballistics
34:09 Imperial Age
31:59 Chain Mail Armor
34:34 Stone Shaft Mining
33:47 Treadmill Crane
34:56 Silk Road
35:50 Two-Man Saw
35:21 Crop Rotation
36:26 Chemistry
35:10 Onager
37:49 Ring Archer Armor
37:20 Bracer
38:34 Plate Mail Armor
40:11 Caravan
40:41 Coinage
40:21 Guilds
41:41 Elite Genoese Crossbowman
44:00 Forging
Maggie Q
0:28 Loom
11:02 Feudal Age
18:45 Castle Age
17:17 Horse Collar
17:34 Double-Bit Axe
19:55 Heavy Plow
20:29 Bow Saw
24:38 Elite Skirmisher
25:27 Squires
28:28 Pikeman
29:06 Town Watch
35:19 Imperial Age
33:28 Wheelbarrow
35:26 Halberdier
Elvise177
1:28 Loom
10:32 Feudal Age
17:29 Castle Age
16:56 Double-Bit Axe
17:37 Horse Collar
20:30 Bow Saw
22:45 Heavy Plow
23:10 Gold Mining
23:25 Pikeman
32:43 Imperial Age
30:53 Loom
31:43 Wheelbarrow
30:54 Town Watch
33:02 Forging
32:58 Scale Barding Armor
35:18 Chemistry
34:30 Caravan
34:27 Capped Ram
34:51 Heavy Scorpion
37:30 Iron Casting
37:16 Chain Barding Armor
37:22 Fortified Wall
37:58 Bloodlines
37:48 Husbandry
38:27 Conscription
41:24 Siege Engineers
Miyamoto
10:53 Feudal Age
14:34 Castle Age
12:33 Double-Bit Axe
13:29 Horse Collar
19:24 Loom
20:56 Bow Saw
21:07 Heavy Plow
21:22 Gold Mining
21:28 Stone Mining
25:16 Gold Shaft Mining
25:59 Scale Mail Armor
26:09 Forging
25:52 Fletching
26:16 Fortified Wall
26:03 Murder Holes
26:30 Ballistics
26:29 Masonry
26:01 Treadmill Crane
30:06 Imperial Age
28:08 Chain Mail Armor
28:28 Iron Casting
29:06 Iron Casting
28:29 Bodkin Arrow
29:23 Squires
29:08 Arson
28:45 Pikeman
30:09 Chieftains
30:33 Elite Berserk
32:25 Conscription
34:22 Plate Mail Armor
34:53 Blast Furnace
SHARP99
10:32 Feudal Age
11:06 Double-Bit Axe
11:03 Horse Collar
15:00 Loom
17:48 Castle Age
16:08 Stone Mining
16:36 Gold Mining
19:11 Heavy Plow
19:59 Bow Saw
30:01 Imperial Age
28:30 Wheelbarrow
30:12 Hand Cart
30:52 Heavy Scorpion
Connection lost

Rejoining the realm…

Still unreachable

The connection could not be restored.

Session expired

The server has moved on; the page needs a fresh start.